 Seeded DCSS version 0.29.1-13-g9f3cf754e1 (webtiles) character file.

Game seed: 16245865983455551772 (custom seed)

24 OTABOTABOTAB the Caller (level 3, 21/21 HPs)
             Began as an Octopode Summoner on Jan 27, 2023.
             Quit the game on level 1 of the Dungeon.
             The game lasted 00:02:00 (1568 turns).

OTABOTABOTAB the Caller (Octopode Summoner)         Turns: 1568, Time: 00:02:01

Health: 21/21      AC:  1    Str:  7    XL:     3   Next: 2%
Magic:  6/6        EV: 13    Int: 37    God:
Gold:   805        SH:  0    Dex: 12    Spells: 5/6 levels left

rFire   . . .      SeeInvis .   b - +0 dagger
rCold   . . .      Faith    .   (no shield)
rNeg    . . .      Spirit   .   (helmet restricted)
rPois   .          Reflect  .   (no amulet)
rElec   .          Harm     .   I - +6 ring of intelligence
rCorr   .          Rampage  .   g - +6 ring of intelligence
Will    .....                   i - +6 ring of intelligence
Stlth   +++.......              (no ring)
HPRegen 0.07/turn               (no ring)
MPRegen 0.10/turn               (no ring)
                                (no ring)
                                (no ring)

@: no status effects
A: almost no armour, amphibious, 8 rings, camouflage 1, gelatinous body 1,
(nimble swimmer 1), tentacles
a: no special abilities


You were on level 1 of the Dungeon.
You visited 1 branch of the dungeon, and saw 1 of its levels.

You collected 805 gold pieces.

Inventory:

Hand Weapons
 a - a +0 sling
   (You found it on level 1 of the Dungeon)
 b - a +0 dagger (weapon)
   (You took it off a goblin on level 1 of the Dungeon)
 c - a +0 dagger
   (You found it on level 1 of the Dungeon)
Missiles
 f - 2 poisoned darts
 s - 14 stones
Jewellery
 g - a +6 ring of intelligence (right tentacle)
   (You found it on level 1 of the Dungeon)
 i - a +6 ring of intelligence (on tentacle)
   (You found it on level 1 of the Dungeon)
 I - a +6 ring of intelligence (left tentacle)
   (You acquired it on level 1 of the Dungeon)
Scrolls
 h - a scroll of teleportation {unknown}
Potions
 d - 2 potions of flight {unknown}
 e - a potion of might {unknown}
 M - a potion of magic


   Skills:
 + Level 2.4 Dodging
 + Level 3.3 Stealth
 + Level 2.3 Spellcasting
 + Level 4.2 Summonings


You had 5 spell levels left.
You knew the following spells:

 Your Spells              Type           Power      Damage    Failure   Level
a - Summon Small Mammal   Summ           100%       N/A       1%          1

Your spell library contained the following spells:

 Spells                   Type           Power      Damage    Failure   Level
 Call Imp                 Summ           35%        N/A       1%          2
 Call Canine Familiar     Summ           35%        N/A       2%          3
 Summon Guardian Golem    Hex/Summ       19%        N/A       6%          3
 Summon Lightning Spire   Summ/Air       19%        N/A       21%         4
 Cause Fear               Hex            2%         N/A       43%         4
 Dragon Form              Tmut           2%         N/A       100%        7
 Dragon's Call            Summ           17%        N/A       100%        9


Dungeon Overview and Level Annotations

Branches:
Dungeon (1/15)

Altars:


Innate Abilities, Weirdness & Mutations

You cannot wear most types of armour.
You are amphibious.
You can wear up to eight rings at the same time.
Your skin changes colour to match your surroundings (Stealth+).
Your rubbery body absorbs attacks. (AC +1, EV +1)
((You are camouflaged when in or above water. (Stealth+)))
You have tentacles for arms and can constrict up to eight enemies at once.


Message History

You now have 805 gold pieces (gained 13).
A kobold comes into view. It is wielding a +0 dagger.
A kobold is nearby!
The helpless kobold fails to defend itself.
You puncture the kobold!
You kill the kobold!
No target in view!
s - 10 stones (gained 4)
You see here a +0 dagger.
g - a +6 ring of intelligence You feel clever.
g - a +6 ring of intelligence (right tentacle)
A kobold comes into view. It is wielding a +0 short sword.
The kobold shouts!
You hear a shout!
You closely miss the kobold. Your grab misses the kobold.
The kobold barely misses you.
You hit the kobold. You grab the kobold.
You constrict the kobold, but do no damage.
The kobold hits you with a +0 short sword.
A hobgoblin comes into view.
You take 5 damage, and have 12/17 hp.
MASSIVE DAMAGE!!
You hit the kobold but do no damage. You constrict the kobold.
You kill the kobold!
The hobgoblin completely misses you.
Things that are here:
a +0 short sword; a kobold corpse The hobgoblin misses you.
You now have 4/5 mp.
You hit the hobgoblin. You grab the hobgoblin. You constrict the hobgoblin.
The hobgoblin barely misses you.
Unknown command.
You hit the hobgoblin.
You kill the hobgoblin!
No target in view!
No target in view!
Your bat disappears in a puff of smoke!
Found a stone staircase leading down.
Health restored: 17; MP restored: 5
There is a stone staircase leading down here.
A bat comes into view.
The helpless bat fails to defend itself.
You puncture the bat!
You kill the bat!
No target in view!
You see here a +0 spear.
h - a scroll labelled XODATU UXUOJ
Found a stone staircase leading down.
s - 14 stones (gained 4)
You open the door.
There is an open door here.
You open the door.
A hobgoblin comes into view.
There is an open door here.
A hobgoblin is nearby!
The helpless hobgoblin fails to defend itself.
You puncture the hobgoblin!
You kill the hobgoblin!
No target in view!
There is an open door here.
A goblin comes into view. It is wielding a +0 dagger.
The helpless goblin fails to defend itself.
You puncture the goblin!
You kill the goblin!
No target in view!
A hobgoblin comes into view.
A hobgoblin is nearby!
The hobgoblin closely misses you.
You hit the hobgoblin but do no damage. You grab the hobgoblin.
You squeeze the hobgoblin.
You constrict the hobgoblin, but do no damage.
The hobgoblin closely misses you.
You hit the hobgoblin but do no damage. You constrict the hobgoblin.
The hobgoblin misses you.
You hit the hobgoblin but do no damage. You squeeze the hobgoblin.
You constrict the hobgoblin, but do no damage.
The hobgoblin hits you.
You take 3 damage, and have 14/17 hp.
You hit the hobgoblin.
You kill the hobgoblin!
You have reached level 3!
Your experience leads to an increase in your attributes!
Your base attributes are Str 7, Int 17, Dex 12.
Increase (s)trength, (i)ntelligence, or (d)exterity?
You feel clever. x2
You regained 3 hp, and now have 17/21 hp.
MP restored: 6 You see here a hobgoblin corpse.
i - a +6 ring of intelligence Health restored: 21 You feel clever.
i - a +6 ring of intelligence (on tentacle)
You see here a +0 sling.
Done exploring.
Done exploring.
Done exploring.
Done exploring.
Okay, then.
Okay, then.
Okay, then.

.# #....##.#
#.###...###......# .#
#....##.# #..............#.#
##
#######.#######..###.##.##.###
#..............##.##....
#################.###### #.#
#.# ###########.#
#@........#.# #.#######.#.#
#.# #.#.# ####.#######.#.#
#.........##.#.###### #######
#.##.##..............
......####
#.##.##...##.........
##.......#
#.##.............###.
##.##.##.# #.############.#.#
##


There were no monsters in sight!

Vanquished Creatures
  2 ball pythons (D:1)
  A bat (D:1)
  3 endoplasms (D:1)
  A goblin (D:1)
  3 hobgoblins (D:1)
  2 kobolds (D:1)
  3 quokkas (D:1)
  A frilled lizard (D:1)
16 creatures vanquished.

Vanquished Creatures (collateral kills)
  An endoplasm (D:1)
  A goblin (D:1)
  A rat (D:1)
3 creatures vanquished.

Grand Total: 19 creatures vanquished

Notes
Turn   | Place    | Note
-------+----------+-------------------------------------------
     0 | D:1      | OTABOTABOTAB the Octopode Summoner began the quest for the
                  | Orb.
     0 | D:1      | Reached XP level 1. HP: 11/11 MP: 3/3
   228 | D:1      | Identified 3 scrolls of acquirement
   228 | D:1      | Acquired a book of the Dragon
   230 | D:1      | Acquired 765 gold pieces
   232 | D:1      | Acquired a +6 ring of intelligence
   324 | D:1      | Found a faded altar of an unknown god.
   350 | D:1      | Reached skill level 3 in Stealth
   350 | D:1      | Reached XP level 2. HP: 7/17 MP: 1/5
  1457 | D:1      | Reached XP level 3. HP: 17/21 MP: 6/6
  1568 | D:1      | Quit the game

Illustrated notes

Levels and vault maps discovered:
D:1:      minmay_arrival_hallway, layout_loops_corners, basic_ecumenical_altar,
          minmay_unequal

Skill      XL: |  1 |
---------------+----+-----
Stealth        | 3 |  3.3
Dodging        | |  2.4
Spellcasting   | |  2.3
Summonings     | |  4.2

Action                   || total
-------------------------++-------
Melee: Dagger            ||    26
       Tentacles         ||     6
       Unarmed           ||     2
       Constrict         ||     6
 Fire: Sling             ||    11
 Cast: Summon Small Mamm ||     8
  Use: Scroll            ||     3
 Stab: Sleeping          ||     7
Armor: Skin              ||     2
Dodge: Dodged            ||    21

Table legend: (Time is in decaauts)
 A = Elapsed time spent in this place.
 B = Non-inter-level travel time spent in this place.
 C = Inter-level travel time spent in this place.
 D = Time resting spent in this place.
 E = Time spent auto-exploring this place.
 F = Levels seen in this place.
 G = Mean time per level.
                   A        B        C        D        E       F      G
               +--------+--------+--------+--------+--------+-----+--------+
         Total |   1568 |   1568 |      0 |    129 |   1308 |   1 | 1568.0 |
       Dungeon |   1568 |   1568 |      0 |    129 |   1308 |   1 | 1568.0 |
               +--------+--------+--------+--------+--------+-----+--------+

Top non-repeatable levels by time:
     D:1: 1568 daAuts

Table legend:
 A = Kills in this place as a percentage of kills in entire the game.
 B = Kills by you in this place as a percentage of kills by you in the entire game.
 C = Kills by friends in this place as a percentage of kills by friends in the entire game.
 D = Other kills in this place as a percentage of other kills in the entire game.
 E = Experience gained in this place as a percentage of experience gained in the entire game.
 F = Experience gained in this place divided by the number of levels of this place that you have seen.
                   A       B       C       D       E      F
               +-------+-------+-------+-------+-------+----------------------
         Total | 100.0 | 100.0 | 100.0 |   N/A | 100.0 |  35.0
       Dungeon | 100.0 | 100.0 | 100.0 |   N/A | 100.0 |  35.0
               +-------+-------+-------+-------+-------+----------------------
